 Dungeon Crawl Stone Soup version 0.27-a0-597-g524d869a0f (webtiles) character file.

Game seed: 1626541948027418217

255 wakim the Insei (level 6, -2/43 HPs)
             Began as a Merfolk Transmuter on Mar 11, 2021.
             Slain by Natasha (5 damage)
             ... on level 4 of the Dungeon.
             The game lasted 00:12:35 (5649 turns).

wakim the Insei (Merfolk Transmuter)                Turns: 5649, Time: 00:12:35

Health: -2/43      AC:  2    Str: 10    XL:     6   Next: 15%
Magic:  10/10      EV: 13    Int: 14    God:
Gold:   91         SH:  0    Dex: 21    Spells: 7/11 levels left

rFire    . . .     SeeInvis .     - Unarmed
rCold    . . .     Faith    .   (no shield)
rNeg     . . .     Spirit   .   g - +0 robe
rPois    .         Reflect  .   (no helmet)
rElec    .         Harm     .   (no cloak)
rCorr    .         Rampage  .   (no gloves)
Will     .....                  (no boots)
Stlth    ++........             (no amulet)
HPRegen  0.14/turn              h - +6 ring of dexterity
MPRegen  0.12/turn              (no ring)

@: slowed, very slow
A: change form in water, amphibious, nimble swimmer 2
a: no special abilities


You were on level 4 of the Dungeon.
You visited 1 branch of the dungeon, and saw 4 of its levels.

You collected 91 gold pieces.

Inventory:

Hand Weapons
 b - a +0 hunting sling
Missiles
 s - 35 stones (quivered)
Armour
 e - a +0 leather armour
 g - a +0 robe (worn)
Jewellery
 h - a +6 ring of dexterity (right hand)
Scrolls
 a - a scroll of fear {unknown}
 c - 2 scrolls of amnesia {unknown}
 d - 3 scrolls of teleportation {unknown}
 f - 2 scrolls of fog {unknown}
 i - a scroll of enchant armour {unknown}
 Z - a scroll of identify {@r1}
Potions
 j - a potion of berserk rage {unknown}
 I - a potion of invisibility
 J - 2 potions of curing {@q1}
 M - a potion of might


   Skills:
 - Level 1.1 Fighting
 - Level 2.6 Dodging
 * Level 5.9 Unarmed Combat
 - Level 3.0 Spellcasting
 + Level 4.7 Transmutations
 + Level 0.1 Poison Magic


You had 7 spell levels left.
You knew the following spells:

 Your Spells              Type           Power      Damage    Failure   Level
a - Beastly Appendage     Tmut           30%        N/A       3%          1
b - Spider Form           Tmut/Pois      4%         N/A       24%         3

Your spell library contained the following spells:

 Spells                   Type           Power      Damage    Failure   Level
 Wereblood                Tmut           15%        N/A       4%          2
 Ice Form                 Ice/Tmut       8%         N/A       63%         4
 Blade Hands              Tmut           7%         N/A       63%         5


Dungeon Overview and Level Annotations

Branches:
Dungeon (4/15)
 Temple: D:4-7

Altars:
Elyvilon

Annotations:
D:4 Blork the orc, Natasha


Innate Abilities, Weirdness & Mutations

You revert to your normal form in water.
You are amphibious.
You are quick and stealthy while swimming. (Stealth+, EV+, Speed+++)


Message History

You barely miss the gnoll. The gnoll hits you with a +0 club.
You hit the gnoll but do no damage. The gnoll hits you with a +0 club.
You hit the gnoll.
The gnoll is moderately wounded.
You hit the gnoll.
The gnoll is severely wounded.
You hit the gnoll.
You kill the gnoll! a +0 club; a gnoll corpse Your transformation is almost over.
Natasha hisses angrily.
A centaur comes into view.
The centaur moves out of view.
There is an escape hatch in the ceiling here.
Natasha mumbles some strange words.
Natasha glows brightly for a moment.
Your transformation has ended.
Your +0 robe unmelds from your body.
Natasha casts a spell at you. The magic dart hits you!
Natasha mumbles some strange words.
Natasha shimmers violently. a +0 club; a gnoll corpse Natasha stares at you and mumbles some strange words.
The magic dart hits you.
Natasha mumbles some strange words.
Natasha shimmers violently.
There is a stone staircase leading down here.
You see here a worker ant corpse.
Natasha claws you.
The centaur shouts!
The centaur wields a +0 shortbow.
The centaur shoots an arrow.
The arrow hits you!
* * * LOW HITPOINT WARNING * * *
Natasha claws you!
* * * LOW HITPOINT WARNING * * *
Natasha stares at you and mumbles some strange words.
You feel yourself slow down. Natasha claws you.
You die...

######### ###.......#
..........#### ...
#### #...........#...
...##.......###.....
#..#....).........
#<#.......###..###
#)#........#......
#@.........#......
##h...............
##..######...c...
#######.# ##.......
.......c#####..#.....
#.........>....>.#...
###...........#####..
#..................
#.......#.###.####.


You could see a centaur and Natasha.

Vanquished Creatures
  An orc wizard (D:3)
  A worker ant (D:4)
  9 gnolls
  An adder (D:3)
  An ooze (D:3)
  A worm (D:2)
  A dart slug (D:3)
  7 leopard geckos
  8 orcs
  10 bats
  6 giant cockroaches
  5 hobgoblins
  6 jackals
  13 kobolds
  A quokka (D:3)
  A ball python (D:2)
  3 frilled lizards
  7 goblins
  4 rats
86 creatures vanquished.

Notes
Turn   | Place    | Note
-------+----------+-------------------------------------------
     0 | D:1      | wakim the Merfolk Transmuter began the quest for the Orb.
     0 | D:1      | Reached XP level 1. HP: 15/15 MP: 3/3
   290 | D:1      | Reached XP level 2. HP: 18/21 MP: 5/5
  1062 | D:1      | Reached skill level 4 in Unarmed Combat
  1062 | D:1      | Reached XP level 3. HP: 26/26 MP: 4/6
  1066 | D:1      | Learned a level 3 spell: Spider Form
  1431 | D:2      | Found a white marble altar of Elyvilon.
  2545 | D:3      | Reached XP level 4. HP: 28/32 MP: 7/7
  4021 | D:3      | Reached XP level 5. HP: 31/37 MP: 9/9
  4150 | D:3      | Reached skill level 5 in Unarmed Combat
  4930 | D:4      | Noticed Blork the orc
  5581 | D:4      | Reached XP level 6. HP: 43/43 MP: 10/10
  5598 | D:4      | Noticed Natasha
  5644 | D:4      | HP: 2/43 [Natasha (7)]
  5649 | D:4      | Slain by Natasha

Illustrated notes

Levels and vault maps discovered:
D:1:      dpeg_arrival_shelter, layout_basic
D:2:      layout_loops_corners, elyvilon_altar_5, kennysheep_small_spiral,
          minmay_vboxes
D:3:      layout_basic
D:4:      layout_rooms, lemuel_doored_altar, kennysheep_little_box,
          uniq_natasha, uniq_robin, uniq_blork_the_orc

Skill      XL: |  1  2  3  4  5 |
---------------+----------------+-----
Transmutations | 3 4 |  4.7
Unarmed Combat | 4 5 |  5.9
Spellcasting   | 3 |  3.0
Fighting       | |  1.1
Dodging        | |  2.6
Poison Magic   | |  0.1

Action                   |  1- 3 |  4- 6 || total
-------------------------+-------+-------++-------
Melee: Unarmed           |   121 |   128 ||   249
       Punch             |     1 |     1 ||     2
       Headbutt          |     6 |     5 ||    11
 Fire: Hunting sling     |       |    69 ||    69
Throw: Stone             |    40 |    12 ||    52
 Cast: Beastly Appendage |     7 |     5 ||    12
       Spider Form       |       |     1 ||     1
  Use: Scroll            |     3 |       ||     3
 Stab: Sleeping          |     1 |     3 ||     4
Armor: Robe              |    19 |    14 ||    33
       Leather armour    |     7 |       ||     7
Dodge: Dodged            |    69 |   103 ||   172

Table legend: (Time is in decaauts)
 A = Elapsed time spent in this place.
 B = Non-inter-level travel time spent in this place.
 C = Inter-level travel time spent in this place.
 D = Time resting spent in this place.
 E = Time spent auto-exploring this place.
 F = Levels seen in this place.
 G = Mean time per level.
                   A        B        C        D        E       F      G
               +--------+--------+--------+--------+--------+-----+--------+
         Total |   5641 |   5304 |    337 |    648 |   3479 |   4 | 1410.2 |
       Dungeon |   5641 |   5304 |    337 |    648 |   3479 |   4 | 1410.2 |
               +--------+--------+--------+--------+--------+-----+--------+

Top non-repeatable levels by time:
     D:2: 2164 daAuts
     D:3: 1972 daAuts
     D:1: 1315 daAuts
     D:4: 189 daAuts
